 Dungeon Crawl Stone Soup version 0.31-a0-221-gbddc013574 (webtiles) character file.

Game seed: 8719364991023909353

442 IndexError the Digger (level 7, -7/36 HPs)
             Began as a Gargoyle Earth Elementalist on July 4, 2023.
             Was a Follower of Dithmenos.
             Killed from afar by a steam dragon (18 damage)
             ... with a ball of steam
             ... on level 7 of the Dungeon.
             The game lasted 00:05:40 (3289 turns).

IndexError the Digger (Gargoyle Earth Elementalist) Turns: 3289, Time: 00:05:40

Health: -7/36      AC: 10    Str: 11    XL:     7   Next: 2%
Magic:  12/14      EV: 11    Int: 18    God:    Dithmenos [*.....]
Gold:   247        SH:  0    Dex: 10    Spells: 14/15 levels left

rFire   . . .        m - +2 whip (drain)
rCold   . . .        (no shield)
rNeg    + . .        a - +0 robe
rPois   ∞            (no helmet)
rElec   +            (no cloak)
rCorr   .            (no gloves)
SInv    .            (no boots)
Will    .....        (no amulet)
Stlth   ++           h - +4 ring of protection
HPRegen 0.26/turn    (no ring)
MPRegen 0.14/turn

%: no passive effects
@: wreathed by umbra
A: sickness immunity, AC +4, negative energy resistance 1, electricity
resistance, torment resistance 1, petrification resistance
a: Renounce Religion


You were on level 7 of the Dungeon.
You worshipped Dithmenos.
Dithmenos was aware of your devotion.
You visited 1 branch of the dungeon, and saw 5 of its levels.

You collected 247 gold pieces.

Inventory:

Hand Weapons
 m - a +2 whip of draining (weapon)
   (You took it off an orc on level 3 of the Dungeon)
Missiles
 f - a throwing net {=f, !d}
Armour
 a - a +0 robe (worn)
Jewellery
 h - a +4 ring of protection (left hand)
   (You found it on level 1 of the Dungeon)
Wands
 d - a wand of flame (23)
   (You found it on level 7 of the Dungeon)
Potions
 b - 2 potions of magic
 c - 3 potions of berserk rage {unknown}
 g - a potion of might {unknown}
 j - 2 potions of lignification {unknown}
 k - 2 potions of cancellation {unknown}
 l - 2 potions of curing {unknown}


   Skills:
 - Level 1.5 Dodging
 - Level 2.1 Stealth
 + Level 4.9 Spellcasting
 - Level 0.7 Transmutations
 + Level 7.0 Earth Magic


You had 14 spell levels left.
You knew the following spells:

 Your Spells              Type           Power      Damage    Failure   Level
a - Sandblast             Erth           58%        2d13      1%          1

Your spell library contained the following spells:

 Spells                   Type           Power      Damage    Failure   Level
 Passwall                 Tmut/Erth      15%        N/A       4%          2
 Stone Arrow              Conj/Erth      34%        3d9       10%         3
 Ensorcelled Hibernation  Hex/Ice        8%         N/A       21%         2
 Scorch                   Fire           8%         2d5       21%         2
 Petrify                  Tmut/Erth      18%        N/A       26%         4
 Hailstorm                Conj/Ice       4%         3d4       38%         3
 Ice Form                 Ice/Tmut       5%         N/A       75%         4
 Sticky Flame             Conj/Fire      4%         2d3       80%         4
 Fireball                 Conj/Fire      2%         3d4       98%         5
 Simulacrum               Ice/Necr       2%         N/A       100%        6


Dungeon Overview and Level Annotations

Branches:
Dungeon (4/15)
 Temple: D:4-7

Altars:
Dithmenos

Shops:
D:2 (


Innate Abilities, Weirdness & Mutations

You are immune to sickness and miasma.
Your stone body is resilient. (AC +4)
You are immune to poison.
You resist negative energy. (rN+)
You are resistant to electric shocks. (rElec)
You are resistant to unholy torment.
You are immune to petrification.


Message History

You now have 232 gold pieces (gained 13).
Things that are here:
a +0 whip; a +0 club; a +0 ring mail
There is an open door here.
You open the door.
There is an open door here.
There is an open door here.
Done exploring.
MP restored: 12 Done exploring.
Done exploring.
There is an open door here.
You open the door.
There is an open door here.
There is a stone staircase leading down here.
You climb downwards.
You hear the hiss of flowing sand.
There is an entrance to an ossuary on this level.
Hurry and find it before the portal is buried!
There is a stone staircase leading up here.
The blast of sand hits the ball python!
Dithmenos accepts your kill.
You now have 11/12 mp.
The air fills with toxic fumes!
As you read the scroll labelled YPASKE HARA, it crumbles to dust.
It was a scroll of poison.
You climb upwards.
There is a stone staircase leading down here.
Magic restored.
There is a stone staircase leading down here.
MP restored: 12 You climb downwards.
You hear the hiss of flowing sand.
There is an entrance to an ossuary on this level.
Hurry and find it before the portal is buried!
There is a stone staircase leading up here.
A goblin comes into view. It is wielding a +0 club.
The goblin shouts!
The blast of sand hits the goblin!
Dithmenos accepts your kill.
You now have 11/12 mp.
You see here a +0 club.
Magic restored.
You hear the slow hiss of an avalanche of sand very nearby.
MP restored: 12 You see here a +0 club.
A sourceless malevolence fills the Dungeon...
You fall into a shaft and drop 3 floors!
The shaft crumbles and collapses.
d - a wand of flame (23)
You open the door.
There is an open door here.
Found a stone staircase leading down.
There is a stone staircase leading down here.
Found a stone staircase leading down.
You now have 247 gold pieces (gained 15).
An orc comes into view. It is wielding a +0 dagger.
An orc is nearby!
An ice beast comes into view.
The blast of sand hits the orc!!
Dithmenos accepts your kill.
You now have 11/12 mp.
The blast of sand hits the ice beast.
You now have 10/12 mp.
The blast of sand hits the ice beast.
You now have 9/12 mp.
The blast of sand hits the ice beast but does no damage.
The ice beast hits you but does no damage.
The ice beast barely misses you.
You now have 8/12 mp.
The blast of sand hits the ice beast!
The ice beast hits you but does no damage.
You now have 7/12 mp.
You miscast Sandblast.
You are very lightly contaminated with residual magic.
Nothing appears to happen.
The ice beast misses you.
The blast of sand hits the ice beast!
Dithmenos accepts your kill.
You now have 6/12 mp.
You can't see any susceptible monsters within range! (Use Z to cast anyway.)
Your magical contamination has completely faded away.
Magic restored. 2 orc wizards, an orc and an ice beast come into view.
MP restored: 12 A steam dragon comes into view.
The blast of sand hits the ice beast!
You now have 11/12 mp.
The blast of sand hits the ice beast!
Dithmenos accepts your kill.
Your Earth Magic skill increases to level 7!
You have reached level 7!
Health restored: 36 You now have 10/14 mp.
The steam dragon breathes steam at you. The ball of steam hits you!!
Ouch! That really hurt!
* * * LOW HITPOINT WARNING * * *
You take 26 damage, and have 10/36 hp.
MASSIVE DAMAGE!!
The steam dragon breathes steam at you. The ball of steam hits you!!
Ouch! That really hurt!
You die...

...............>.#
...#.#.#+#.......
#########.#.....###..#
..........#.....# #^.#
..§D...........###..#
###§§..#####........#
+§§...............#
#.§.§##...#.......#
#.@..##...######..#
#....##...# #.....#
#.(..###### #.....#
#....# #.....# ######
####..# #..# #..#
######..# #..(....#


There were no monsters in sight!

Vanquished Creatures
  2 ice beasts (D:7)
  A sky beast (D:3)
  A hound (D:3)
  An orc priest (D:3)
  4 adders
  A worm (D:3)
  A dart slug (D:2)
  6 orcs
  5 ball pythons
  7 endoplasms
  A giant cockroach (D:3)
  3 goblins
  9 hobgoblins
  3 quokkas
  6 bats
  4 frilled lizards
  10 kobolds
  3 rats
68 creatures vanquished.

Notes
Turn   | Place    | Note
-------+----------+-------------------------------------------
     0 | D:1      | IndexError the Gargoyle Earth Elementalist began the quest
                  | for the Orb.
     0 | D:1      | Reached XP level 1. HP: 10/10 MP: 3/3
   234 | D:1      | Reached skill level 4 in Earth Magic
   234 | D:1      | Reached XP level 2. HP: 15/15 MP: 1/5
   892 | D:2      | Found Ycout Pim's Antique Weapon Emporium.
   924 | D:2      | Reached XP level 3. HP: 19/19 MP: 1/7
  1277 | D:2      | Reached skill level 3 in Spellcasting
  1279 | D:2      | Reached XP level 4. HP: 24/24 MP: 4/8
  1904 | D:3      | Found a faded altar of an unknown god.
  1931 | D:3      | Reached skill level 5 in Earth Magic
  2067 | D:3      | Prayed at the altar of an unknown god.
  2067 | D:3      | Became a worshipper of Dithmenos the Shadowed
  2067 | D:3      | Reached * piety under Dithmenos
  2161 | D:3      | Noticed a sky beast
  2169 | D:3      | Killed a sky beast
  2170 | D:3      | Reached skill level 4 in Spellcasting
  2170 | D:3      | Reached XP level 5. HP: 24/28 MP: 3/11
  2304 | D:3      | Reached skill level 6 in Earth Magic
  2304 | D:3      | Reached XP level 6. HP: 32/32 MP: 7/12
  2363 | D:3      | Got the Commentary on Ensorcelling and the Coals
  3135 | D:4      | You fall into a shaft and drop 3 floors!
  3203 | D:7      | Noticed an ice beast
  3211 | D:7      | Killed an ice beast
  3257 | D:7      | Noticed an ice beast
  3272 | D:7      | Noticed a steam dragon
  3277 | D:7      | Killed an ice beast
  3278 | D:7      | Reached skill level 7 in Earth Magic
  3278 | D:7      | Reached XP level 7. HP: 36/36 MP: 10/14
  3289 | D:7      | Killed from afar by a steam dragon

Illustrated notes

Levels and vault maps discovered:
D:1:      amcnicky_arrival_abandoned_market, layout_basic
D:2:      layout_loops_ring, serial_shops, shop, minmay_misc_feat_plants,
          kennysheep_generic_room_15
D:3:      layout_basic, ebering_ecumenical_altar_ruins
D:4:      layout_loops_ring, lemuel_tele_altar, nicolae_ossuary_entry_catacombs,
          nicolae_take_the_stairs
D:7:      layout_basic, eat_drink_and_be_merry_uskayaw, serial_shops, shop

Skill      XL: |  1  2  3  4  5  6 |
---------------+-------------------+-----
Earth Magic    | 4 5 6 7 |  7.0
Spellcasting   | 3 4 |  4.9
Dodging        | |  1.5
Stealth        | |  2.1
Transmutations | |  0.7

Action                     |  1- 3 |  4- 6 |  7- 9 || total
---------------------------+-------+-------+-------++-------
  Melee: Whip              |     9 |     9 |       ||    18
   Cast: Sandblast         |    42 |    66 |       ||   108
    Use: Scroll            |       |     1 |       ||     1
 Armour: Robe              |     9 |    19 |       ||    28
  Dodge: Dodged            |    18 |    23 |       ||    41

Table legend: (Time is in decaauts)
 A = Elapsed time spent in this place.
 B = Non-inter-level travel time spent in this place.
 C = Inter-level travel time spent in this place.
 D = Time resting spent in this place.
 E = Time spent auto-exploring this place.
 F = Levels seen in this place.
 G = Mean time per level.
                   A        B        C        D        E       F      G
               +--------+--------+--------+--------+--------+-----+--------+
         Total |   3344 |   3122 |    222 |      0 |   2654 |   5 |  668.8 |
       Dungeon |   3344 |   3122 |    222 |      0 |   2654 |   5 |  668.8 |
               +--------+--------+--------+--------+--------+-----+--------+

Top non-repeatable levels by time:
     D:3: 1219 daAuts
     D:2: 1010 daAuts
     D:1: 899 daAuts
     D:7: 157 daAuts
     D:4: 57 daAuts

Levels and vault maps discovered:
D:1:      amcnicky_arrival_abandoned_market, layout_basic
D:2:      layout_loops_ring, serial_shops, shop, minmay_misc_feat_plants,
          kennysheep_generic_room_15
D:3:      layout_basic, ebering_ecumenical_altar_ruins
D:4:      layout_loops_ring, lemuel_tele_altar, nicolae_ossuary_entry_catacombs,
          nicolae_take_the_stairs
D:7:      layout_basic, eat_drink_and_be_merry_uskayaw, serial_shops, shop

Table legend: (Time is in decaauts)
 A = Elapsed time spent in this place.
 B = Non-inter-level travel time spent in this place.
 C = Inter-level travel time spent in this place.
 D = Time resting spent in this place.
 E = Time spent auto-exploring this place.
 F = Levels seen in this place.
 G = Mean time per level.
                   A        B        C        D        E       F      G
               +--------+--------+--------+--------+--------+-----+--------+
         Total |   3344 |   3122 |    222 |      0 |   2654 |   5 |  668.8 |
       Dungeon |   3344 |   3122 |    222 |      0 |   2654 |   5 |  668.8 |
               +--------+--------+--------+--------+--------+-----+--------+

Top non-repeatable levels by time:
     D:3: 1219 daAuts
     D:2: 1010 daAuts
     D:1: 899 daAuts
     D:7: 157 daAuts
     D:4: 57 daAuts

Table legend:
 A = Kills in this place as a percentage of kills in the entire game.
 B = Kills by you in this place as a percentage of kills by you in the entire game.
 C = Kills by friends in this place as a percentage of kills by friends in the entire game.
 D = Other kills in this place as a percentage of other kills in the entire game.
 E = Experience gained in this place as a percentage of experience gained in the entire game.
 F = Experience gained in this place divided by the number of levels of this place that you have seen.
                   A       B       C       D       E      F
               +-------+-------+-------+-------+-------+----------------------
         Total | 100.0 | 100.0 |   N/A |   N/A | 100.0 | 126.4
       Dungeon | 100.0 | 100.0 |   N/A |   N/A | 100.0 | 126.4
               +-------+-------+-------+-------+-------+----------------------
